 Dungeon Crawl Stone Soup version 0.30.0 (webtiles) character file.

Game seed: 843403306416722182

77 Meow the Conjurer (level 4, 36/36 HPs)
             Began as a Naga Conjurer on Dec 20, 2023.
             Quit the game on level 2 of the Dungeon.
             The game lasted 00:06:39 (1621 turns).

Meow the Conjurer (Naga Conjurer)                   Turns: 1621, Time: 00:06:40

Health: 36/36      AC:  3    Str:  9    XL:     4   Next: 33%
Magic:  5/8        EV:  9    Int: 20    God:
Gold:   93         SH:  0    Dex: 10    Spells: 6/9 levels left

rFire   . . .        a - +0 sling
rCold   + . .        (no shield)
rNeg    . . .        d - +0 robe
rPois   +            m - +0 helmet
rElec   .            (no cloak)
rCorr   .            (no gloves)
SInv    +            (no barding)
Will    .....        (no amulet)
Stlth   ++           f - ring of protection from cold
HPRegen 0.26/turn    (no ring)
MPRegen 0.11/turn

%: no passive effects
@: short of breath, very slow
A: AC +1, large, see invisible, deformed body, poison resistance, slowness 2,
spit poison 1, naga tail 1
a: Spit Poison


You were on level 2 of the Dungeon.
You visited 1 branch of the dungeon, and saw 2 of its levels.

You collected 93 gold pieces.

Inventory:

Hand Weapons
 a - a +0 sling (weapon)
 b - a +0 quarterstaff
Missiles
 c - 21 stones
 k - 5 atropa-tipped darts
Armour
 d - a +0 robe (worn)
 m - a +0 helmet (worn)
Jewellery
 f - a ring of protection from cold (left hand)
Scrolls
 g - 2 scrolls of identify {unknown}
 h - 2 scrolls of teleportation {unknown}
 n - a scroll of silence {unknown}
 q - a scroll of fear {unknown}
Potions
 e - a potion of magic
 i - 2 potions of heal wounds {unknown}
 j - a potion of curing {unknown}
 l - a potion of lignification {unknown}
 o - a potion of haste {unknown}
 p - a potion of flight {unknown}


   Skills:
 - Level 1.5 Dodging
 - Level 3.0 Stealth
 + Level 3.2 Spellcasting
 + Level 4.9 Conjurations


You had 6 spell levels left.
You knew the following spells:

 Your Spells              Type           Power      Damage    Failure   Level
a - Magic Dart            Conj           92%        1d7       1%          1
b - Searing Ray           Conj           46%        2d6       2%          2

Your spell library contained the following spells:

 Spells                   Type           Power      Damage    Failure   Level
 Dazzling Flash           Conj/Hex       26%        N/A       16%         3
 Fulminant Prism          Conj/Hex       6%         3d6       45%         4
 Iskenderun's Mystic Bla  Conj/Tloc      13%        2d5       45%         4


Dungeon Overview and Level Annotations

Branches:
Dungeon (2/15)

Altars:


Innate Abilities, Weirdness & Mutations

Your serpentine skin is tough. (AC +1)
You have supernaturally acute eyesight. (SInv)
Armour fits poorly on your strangely shaped body.
Your system is resistant to poisons. (rPois)
You cover ground very slowly.
You can spit poison.
You have a snake-like lower body.


Message History

The magic dart hits the ball python.
You kill the ball python!
Unknown command.
You have got your breath back.
You see here a ball python corpse.
You now have 93 gold pieces (gained 12).
A frilled lizard comes into view.
Casting: Magic Dart (safe; 1% risk of failure)
Confirm with . or Enter, or press ? or * to list all spells.
Aiming: Magic Dart (safe; 1% risk of failure)
Press: ? - help, Shift-Dir - straight line, f - frilled lizard
Aim: a frilled lizard (asleep, 100% to hit)
The magic dart hits the frilled lizard.
You kill the frilled lizard!
q - a scroll labelled BOOFFU ETTYA
Found a stone staircase leading up.
Found a stone staircase leading down.
c - 21 stones (gained 7) Natasha, Servant of Life and Death comes into view.
Aiming: Spit Poison (2% risk of failure)
Press: ? - help, Shift-Dir - straight line, f - Natasha
Aim: Natasha (asleep, 100% to hit)
The splash of poison hits Natasha.
Natasha is poisoned.
Natasha is moderately wounded.
Natasha hisses angrily.
Unknown command.
Casting: Magic Dart (safe; 1% risk of failure)
Confirm with . or Enter, or press ? or * to list all spells.
Aiming: Searing Ray (safe; 3% risk of failure)
Press: ? - help, Shift-Dir - straight line, f/p - Natasha
Aim: Natasha (heavily wounded, poisoned, 72% to hit)
The searing ray hits Natasha!
You kill Natasha!
Natasha screams in fury as she dies!
The searing ray hits the plant!
The plant begins to die.
The plant is lightly damaged. (Press . to maintain the ray.)
You have reached level 4!
You feel agile.
Are you sure you want to abandon this character and quit the game? (Confirm with "yes".)

#.#... P~~~~
###.#..# .~~~
...#..# P.~
..#.># #P. #
#.#..# .. ..
##.#..# .# ..
#.....###.## .#
#.......@..# .#
#..##.####.# .#
#..##.# .. .#
####..##.## ## .#
#.........#
.#####.##..##..#
........#........
...............##
.###....#........


There were no monsters in sight!

Vanquished Creatures
  Natasha (D:2)
  An adder (D:2)
  2 dart slugs
  7 endoplasms
  3 goblins (D:1)
  2 hobgoblins (D:1)
  3 kobolds (D:1)
  2 quokkas (D:1)
  4 ball pythons
  6 bats
  3 frilled lizards
  4 rats (D:1)
38 creatures vanquished.

Notes
Turn   | Place    | Note
-------+----------+-------------------------------------------
     0 | D:1      | Meow the Naga Conjurer began the quest for the Orb.
     0 | D:1      | Reached XP level 1. HP: 15/15 MP: 3/3
   300 | D:1      | Reached XP level 2. HP: 22/22 MP: 3/5
   303 | D:1      | Learned a level 2 spell: Searing Ray
   437 | D:1      | Found a faded altar of an unknown god.
   831 | D:1      | Reached XP level 3. HP: 28/28 MP: 2/6
  1618 | D:2      | Noticed Natasha
  1620 | D:2      | Killed Natasha
  1621 | D:2      | Reached XP level 4. HP: 36/36 MP: 5/8
  1621 | D:2      | Quit the game

Illustrated notes

Levels and vault maps discovered:
D:1:      minmay_arrival_up_and_down, layout_loops_corners,
          shapermc_ecumenical_altar_starsandcircs
D:2:      layout_loops_ring, serial_bayou_pond_a, uniq_natasha

Skill      XL: |  1  2  3 |
---------------+----------+-----
Spellcasting   | 3 |  3.2
Dodging        | |  1.5
Stealth        | |  3.0
Conjurations   | |  4.9

Action                     |  1- 3 |  4- 6 || total
---------------------------+-------+-------++-------
   Cast: Magic Dart        |    30 |       ||    30
         Searing Ray       |     5 |       ||     5
Ability: Spit Poison       |    26 |       ||    26
  Dodge: Dodged            |     4 |       ||     4
